AoeStats
← hemba3d

Nomad

509722613Analyzed
2v2 RM · 3d ago on Sep 27, 2026· 76m 56s· 4 players
Game mode
Random Map
Map size
176×176
Population
200
Speed
Normal
Resources
Standard
Victory
Conquest
Starting age
Dark Age
Ending age
Imperial Age
RankedLock teamsTeams togetherTeam positionsShared explorationLock speedFull tech treeHidden civsTurbo modeCheats
Victory
Defeat
🇩🇪 Huns · Germany
339
+7
🇺🇸 Britons · United States
277
+9
🇸🇪 Lithuanians · Sweden
124
-8
🇸🇪 Franks · Sweden
124
-8
hemba3d
19:26 Feudal Age
27:27 Horse Collar
31:59 Castle Age
64:45 Imperial Age
64:59 Cavalier
Dan-R-Z
3:56 Loom
14:40 Feudal Age
15:43 Double-Bit Axe
20:45 Gold Mining
21:17 Man-at-Arms
28:24 Castle Age
42:29 Imperial Age
42:46 Elite Throwing Axeman
43:04 Cavalier
44:11 Husbandry
46:01 Paladin
DRdaykhair
4:01 Loom
16:25 Feudal Age
17:43 Wheelbarrow
16:55 Town Watch
18:55 Double-Bit Axe
20:56 Horse Collar
22:53 Fishing Lines
24:05 Padded Archer Armor
24:06 Scale Mail Armor
24:27 Forging
26:50 Scale Barding Armor
26:58 Gold Mining
26:59 Stone Mining
29:03 Fletching
35:05 Castle Age
36:06 Hand Cart
35:53 Town Patrol
36:42 Bodkin Arrow
36:59 Heavy Plow
38:04 Gambesons
39:23 Squires
42:24 Gold Shaft Mining
42:42 Caravan
43:16 Coinage
43:12 Guard Tower
43:03 Treadmill Crane
43:45 Ballistics
45:47 Leather Archer Armor
45:36 Gillnets
46:04 Siphons
46:10 Elite Skirmisher
46:12 Crossbowman
47:23 Careening
47:56 Yeomen
48:24 Chain Mail Armor
49:34 Clinker Construction
49:36 Fortified Wall
49:40 Pikeman
50:55 Arson
56:55 Medium Warships
57:07 Medium Warships
57:00 Murder Holes
63:23 Imperial Age
60:38 Demolition Ship
64:58 Cranequins
66:21 Dry Dock
67:21 Conscription
67:02 Warwolf
68:11 Ring Archer Armor
68:29 Arrowslits
69:47 Chemistry
70:21 Bow Saw
70:50 Banking
70:32 Guilds
71:51 Hoardings
71:32 Bracer
72:24 Iron Casting
71:53 Halberdier
72:50 Masonry
74:05 Heavy Warships
74:07 Carvel Hull
75:13 Architecture
75:47 Arbalester
KINGTOM
10:15 Loom
15:54 Feudal Age
16:31 Double-Bit Axe
17:33 Horse Collar
18:02 Gold Mining
18:06 Stone Mining
18:26 Town Watch
20:06 Fletching
23:03 Wheelbarrow
23:55 Bloodlines
25:25 Forging
25:21 Scale Barding Armor
25:17 Padded Archer Armor
28:05 Castle Age
28:47 Bodkin Arrow
29:10 Town Patrol
29:00 Light Cavalry
29:41 Husbandry
32:41 Gold Shaft Mining
32:27 Heavy Plow
33:32 Fervor
33:43 Bow Saw
38:20 Murder Holes
38:46 Ballistics
39:06 Iron Casting
38:53 Chain Barding Armor
40:04 Hand Cart
47:00 Imperial Age
46:34 Masonry
47:52 Bracer
48:58 Two-Man Saw
49:10 Chemistry
49:46 Hussar
56:09 Heavy Cavalry Archer
56:11 Cavalier
58:55 Paladin
62:32 Blast Furnace
62:51 Parthian Tactics
64:32 Plate Barding Armor
64:13 Leather Archer Armor
69:14 Scale Mail Armor
68:52 Capped Ram
Connection lost

Rejoining the realm…

Still unreachable

The connection could not be restored.

Session expired

The server has moved on; the page needs a fresh start.